 Dungeon Crawl Stone Soup version 0.30.0-29-ga12c61a403 (webtiles) character file.

Game seed: 14239208274164371649

422 Fodor the Covered (level 6, -37/56 HPs)
             Began as a Minotaur Fighter on June 12, 2023.
             Killed by an exploding kobold skeleton (48 damage)
             ... ignited by their inner flame
             ... in an ossuary.
             The game lasted 00:15:16 (3238 turns).

Fodor the Covered (Minotaur Fighter)                Turns: 3238, Time: 00:15:18

Health: -37/56     AC: 11    Str: 20    XL:     6   Next: 63%
Magic:  5/5        EV:  9    Int:  5    God:
Gold:   279        SH:  9    Dex: 12    Spells: 5/5 levels left

rFire   x . .        f - +4 whip (venom)
rCold   + + .        s - +0 kite shield
rNeg    . . .        o - +3 scale mail {rC+}
rPois   .            (helmet restricted)
rElec   .            h - +0 cloak
rCorr   .            (no gloves)
SInv    +            (no boots)
Will    .....        t - amulet of the acrobat Stlth
                     q - ring of see invisible
HPRegen 0.29/turn    r - ring of ice
MPRegen 0.09/turn

%: acrobat
@: no status effects
A: horns 2, retaliatory headbutt
a: no special abilities


You were in an ossuary.
You visited 1 branch of the dungeon, and saw 4 of its levels.
You also visited: Ossuary.

You collected 279 gold pieces.

Inventory:

Hand Weapons
 f - a +4 whip of venom (weapon)
Missiles
 i - 8 stones
 l - 11 poisoned darts (quivered)
Armour
 h - a +0 cloak (worn)
 o - a +3 scale mail of cold resistance (worn)
 s - a +0 kite shield (worn)
Jewellery
 q - a ring of see invisible (left hand)
 r - a ring of ice (right hand)
 t - an amulet of the acrobat (around neck)
Wands
 n - a wand of digging (5)
Scrolls
 a - 3 scrolls of butterflies
 b - a scroll of teleportation
 e - a scroll of noise {unknown}
 k - 2 scrolls of blinking {unknown}
 u - a scroll of identify
 v - a scroll of acquirement {unknown}
Potions
 c - a potion of brilliance {unknown}
 d - 2 potions of might
 g - 2 potions of mutation
 m - 3 potions of flight {unknown}
 p - a potion of heal wounds {unknown}


   Skills:
 + Level 5.0 Fighting
 + Level 3.2 Long Blades
 + Level 3.9 Maces & Flails
 + Level 6.0 Armour
 + Level 1.3 Dodging
 + Level 0.1 Stealth
 + Level 4.5 Shields


You had 5 spell levels left.
You didn't know any spells.
Your spell library contained the following spells:

 Spells                   Type           Power      Damage    Failure   Level
 Apportation              Tloc           0%         N/A       97%         1
 Necrotise                Necr           0%         1d4       97%         1
 Sandblast                Erth           0%         2d4       97%         1
 Summon Small Mammal      Summ           0%         N/A       97%         1
 Blink                    Tloc           0%         N/A       99%         2
 Lesser Beckoning         Tloc           0%         N/A       99%         2
 Momentum Strike          Conj/Tloc      0%         3d8       99%         2
 Passwall                 Tmut/Erth      0%         N/A       99%         2
 Gell's Gravitas          Tloc           0%         N/A       100%        3
 Ozocubu's Armour         Ice            0%         N/A       100%        3
 Stone Arrow              Conj/Erth      0%         3d7       100%        3
 Summon Guardian Golem    Hex/Summ       0%         N/A       100%        3
 Teleport Other           Tloc           0%         N/A       100%        3
 Metabolic Englaciation   Hex/Ice        0%         N/A       100%        5
 Simulacrum               Ice/Necr       0%         N/A       100%        6
 Orb of Destruction       Conj           0%         9d5       100%        7
 Spellforged Servitor     Conj/Summ      0%         N/A       100%        7


Dungeon Overview and Level Annotations

Branches:
Dungeon (4/15)            Ossuary (1/1)
 Temple: D:4-7

Altars:
Dithmenos


Innate Abilities, Weirdness & Mutations

You have a pair of horns on your head.
You reflexively headbutt those who attack you in melee.


Message History

There is a sand-covered staircase here.
The world spins around you as you enter the gateway.
You enter an ossuary!
Found a gate leading back out of this place.
There is an empty arch of ancient stone here.
There is a gate leading back out of this place here.
You open the gate.
A kobold skeleton, 2 gnoll skeletons and 3 orc skeletons come into view. 2 orc skeletons and a gnoll skeleton come into view.
There is an open gate here.
A mummy comes into view.
As you read the scroll of immolation, it crumbles to dust.
The creatures around you are filled with an inner flame!
There is an open gate here.
There is a gate leading back out of this place here.
Throw: 12 darts (poison)
Press: ? - help, Q - select action, (/) - cycle Shift-Dir - straight line, f - gnoll skeleton
Aim: a gnoll skeleton (inner flame, 89% to hit)
You throw a poisoned dart.
The poisoned dart hits the gnoll skeleton.
The orc skeleton barely misses you.
You hit the gnoll skeleton.
Flame seeps out of the gnoll skeleton.
The gnoll skeleton is moderately damaged.
The gnoll skeleton hits you.
The kobold skeleton hits you but does no damage.
You block the orc skeleton's attack.
The gnoll skeleton is engulfed in blazing flames.
The gnoll skeleton explodes!
The fiery explosion engulfs the orc skeleton!!
The fiery explosion engulfs you!!! The fire burns you terribly!
Ouch! That really hurt!
* * * LOW HITPOINT WARNING * * *
The fiery explosion engulfs the kobold skeleton!
The kobold skeleton explodes!
The fiery explosion engulfs the orc skeleton!!
The fiery explosion engulfs the gnoll skeleton!!
The fiery explosion engulfs the orc skeleton!!
The fiery explosion engulfs you!!! The fire burns you terribly!
Ouch! That really hurt!
You die...

#...# #...#
#M..# ##'''##
##.....##
####...Z...####
#W▓...Z§§§§.▓W#
####..(.§○.####
##.Z§@§##
##...## ##▓##
#W# ###


You could see 3 wraiths, a mummy (inner flame), a gnoll skeleton (inner flame)
and 2 orc skeletons.

Vanquished Creatures
  Grinder (D:3)
  2 iguanas
  Terence (D:3)
  Robin (D:3)
  4 gnolls (D:2)
  2 adders
  2 worms
  5 orcs (D:3)
  5 ball pythons
  4 endoplasms (D:1)
  7 giant cockroaches
  11 goblins
  7 hobgoblins
  6 jackals (D:2)
  9 kobolds
  4 quokkas
  4 bats
  4 frilled lizards
  2 gnoll skeletons (Ossuary)
  A kobold skeleton (Ossuary)
  3 orc skeletons (Ossuary)
  6 rats (D:1)
91 creatures vanquished.

Notes
Turn   | Place    | Note
-------+----------+-------------------------------------------
     0 | D:1      | Fodor the Minotaur Fighter began the quest for the Orb.
     0 | D:1      | Reached XP level 1. HP: 19/19 MP: 0/0
   117 | D:1      | Reached skill level 4 in Armour
   117 | D:1      | Reached XP level 2. HP: 13/27 MP: 1/1
   809 | D:1      | You fall into a shaft and drop 1 floor!
   835 | D:2      | Reached XP level 3. HP: 33/33 MP: 2/2
  1424 | D:2      | Reached XP level 4. HP: 23/40 MP: 3/3
  1426 | D:2      | Reached skill level 1 in Maces & Flails
  2075 | D:3      | Noticed Terence
  2092 | D:3      | Killed Terence
  2093 | D:3      | Reached skill level 5 in Armour
  2093 | D:3      | Reached XP level 5. HP: 25/47 MP: 4/4
  2232 | D:3      | Found a faded altar of an unknown god.
  2474 | D:3      | Noticed Grinder
  2486 | D:3      | Paralysed by Grinder for 3 turns
  2497 | D:3      | Killed Grinder
  2498 | D:3      | Reached skill level 1 in Dodging
  2498 | D:3      | Reached XP level 6. HP: 42/55 MP: 5/5
  2676 | D:3      | Noticed Robin
  2692 | D:3      | Killed Robin
  3028 | D:4      | Found a shadowy altar of Dithmenos.
  3055 | D:4      | Reached skill level 5 in Fighting
  3055 | D:4      | Reached skill level 6 in Armour
  3214 | D:4      | Found a sand-covered staircase.
  3220 | Ossuary  | Entered an ossuary
  3220 | Ossuary  | Noticed a wraith
  3220 | Ossuary  | Noticed a wraith
  3220 | Ossuary  | Noticed a wraith
  3238 | Ossuary  | Killed by an exploding kobold skeleton... ignited by their
                  | inner flame

Illustrated notes

Levels and vault maps discovered:
D:1:      minmay_arrival_hallway, layout_basic
D:2:      layout_loops_ring, nicolae_figureground_sparkle
D:3:      layout_loops_ring, shapermc_ecumenical_altar_mp_highgroup,
          uniq_grinder, uniq_robin, uniq_terence
D:4:      layout_loops_ring, grunt_temple_overflow_lords_of_destruction,
          mainiacjoe_overflow_cross_hatched, nicolae_dithmenos_the_darkroom,
          minmay_temple_entry_fiery, nicolae_ossuary_entry_plus
Ossuary:  ossuary_due_mausoleum

Skill      XL: |  1  2  3  4  5  6 |
---------------+-------------------+-----
Armour         | 4 5 6 |  6.0
Fighting       | 4 5 |  5.0
Shields        | 4 |  4.5
Long Blades    | 3 |  3.2
Maces & Flails | 2 3 |  3.9
Dodging        | 1 |  1.3
Stealth        | |  0.1

Action                     |  1- 3 |  4- 6 || total
---------------------------+-------+-------++-------
  Melee: Long sword        |    19 |       ||    19
         Headbutt          |    11 |    19 ||    30
         Whip              |    42 |   109 ||   151
  Throw: Dart              |       |     1 ||     1
    Use: Scroll            |       |     8 ||     8
 Armour: Scale mail        |    29 |    61 ||    90
  Dodge: Dodged            |    41 |    39 ||    80
  Block: Buckler           |    13 |    22 ||    35
         Kite shield       |       |     6 ||     6
